 Dungeon Crawl Stone Soup version 0.18-a0-912-g81d1dc4 (webtiles) character file.

95 dvd the Gusty (level 4, -1/24 HPs)
             Began as a Tengu Air Elementalist on Dec 25, 2015.
             Slain by an orc priest
             ... wielding a +0 mace
              (2 damage)
             ... on level 3 of the Dungeon.
             The game lasted 00:08:59 (2793 turns).

dvd the Gusty (Tengu Air Elementalist)              Turns: 2793, Time: 00:08:59

Health: -1/24      AC:  2    Str:  8    XL:     4   Next: 65%
Magic:  0/9        EV: 13    Int: 16    God:
Gold:   98         SH:  0    Dex: 15    Spells: 3 memorised, 2 levels left

rFire  . . .     SeeInvis .     d - +0 short sword
rCold  . . .     Gourm    .     a - +0 robe
rNeg   . . .     Faith    .     (no shield)
rPois  .         Spirit   .     (helmet restricted)
rElec  .         Dismiss  .     (no cloak)
rCorr  .         Reflect  .     (no gloves)
SustAt .         Harm     .     (boots unavailable)
MR     .....                    (no amulet)
Stlth  ++........               (no ring)
                                (no ring)

@: repel missiles, not resistant to hostile enchantments, unstealthy
A: beak, talons 3
a: no special abilities


You were on level 3 of the Dungeon.
You were not hungry.

You visited 1 branch of the dungeon, and saw 3 of its levels.

You collected 98 gold pieces.

Inventory:

Hand Weapons
 d - a +0 short sword (weapon)
Armour
 a - a +0 robe (worn)
 m - a +0 cloak
Jewellery
 f - an uncursed ring of teleportation
Scrolls
 e - a scroll of fog
 i - 2 scrolls of identify
 l - a scroll of recharging {unknown}
Potions
 k - a potion of degeneration {unknown}
Books
 b - a book of Air

   Spells                             Type                      Level
   a - Shock                          Conjuration/Air              1
   b - Swiftness                      Charms/Air                   2
   c - Repel Missiles                 Charms/Air                   2
   d - Static Discharge               Conjuration/Air              3
   e - Lightning Bolt                 Conjuration/Air              5
Comestibles
 c - 2 bread rations
 g - 2 fruits
 j - a chunk of flesh


   Skills:
 + Level 0.4 Fighting
 + Level 0.2 Short Blades
 + Level 2.7 Dodging
 + Level 2.4 Stealth
 + Level 2.7 Spellcasting
 + Level 2.4 Conjurations
 + Level 5.0 Air Magic


You had 2 spell levels left.
You knew the following spells:

 Your Spells              Type           Power        Failure   Level  Hunger
a - Shock                 Conj/Air       ##..         6%          1    #......
b - Repel Missiles        Chrm/Air       ##....       12%         2    ##.....
c - Static Discharge      Conj/Air       ##......     14%         3    ###....


Dungeon Overview and Level Annotations

Branches:
Dungeon (3/15)

Altars:
Cheibriados
Makhleb
Nemelex Xobeh
Pakellas
Sif Muna
Trog
Yredelemnul


Innate Abilities, Weirdness & Mutations

You have a beak for a mouth.
You have claws for feet.


Message History

The orc priest calls down the wrath of Beogh upon you.
Pain shoots through your body!
You closely miss the orc priest. Your kick misses the orc priest.
The orc priest is heavily wounded.
The orc priest hits you with a mace.
* * * LOW HITPOINT WARNING * * *
Drink which item? (? for menu, Esc to quit)
You feel better. The orc priest hits you with a mace!
* * * LOW HITPOINT WARNING * * *
You hit the orc priest.
The orc priest is severely wounded.
The orc priest hits you but does no damage.
You hit the orc priest. You claw the orc priest.
You peck the orc priest, but do no damage.
The orc priest is almost dead.
The orc priest closely misses you.
You hit the orc priest. Your kick misses the orc priest.
The orc priest is almost dead.
The orc priest hits you with a mace.
You die...

###..### #.....⌠#
##8..8###
#.#.....#####
#.......#.... #
#.........####.#
#.............(#
#..............#
#........@o)†..#
#...<.....####...
#........##
#...........
#........###
#..........#
#..........#
#..........#
#........[.#


You could see an orc priest.

Vanquished Creatures
  A gnoll (D:1)
  2 adders (D:2)
  2 worms (D:2)
  2 giant geckos (D:1)
  4 orcs (D:3)
  2 ball pythons (D:1)
  9 bats
  5 goblins
  6 hobgoblins
  7 kobolds
  6 giant cockroaches (D:1)
  A giant newt (D:2)
  6 rats
53 creatures vanquished.

Vanquished Creatures (others)
  2 draconians (D:1)
  An octopode (D:1)
  An elf (D:1)
  2 vine stalkers (D:1)
  A spriggan (D:1)
  A formicid (D:1)
  A dwarf (D:1)
  A centaur (D:1)
  4 mummies (D:1)
  An orc (D:1)
  4 tentacles (D:1)
  100 tentacle segments (D:1)
119 creatures vanquished.

Grand Total: 172 creatures vanquished

Notes
Turn   | Place    | Note
--------------------------------------------------------------
     0 | D:1      | dvd the Tengu Air Elementalist began the quest for the Orb.
     0 | D:1      | Reached XP level 1. HP: 10/10 MP: 4/4
     2 | D:1      | Noticed a draconian
     2 | D:1      | Noticed an octopode
     2 | D:1      | Noticed a dwarf
     2 | D:1      | Noticed a draconian
     2 | D:1      | Noticed an elf
     2 | D:1      | Noticed a kraken
     2 | D:1      | Noticed a formicid
     2 | D:1      | Noticed a vine stalker
     2 | D:1      | Noticed a spriggan
     2 | D:1      | Noticed a centaur
     2 | D:1      | Noticed a vine stalker
     3 | D:1      | Killed a vine stalker
     4 | D:1      | Killed a centaur
     5 | D:1      | Killed a spriggan
     8 | D:1      | Killed an octopode
    10 | D:1      | Killed a dwarf
    10 | D:1      | Killed a vine stalker
    12 | D:1      | Killed a draconian
    13 | D:1      | Killed a formicid
    14 | D:1      | Killed a draconian
    14 | D:1      | Killed an elf
   301 | D:1      | Reached XP level 2. HP: 12/15 MP: 0/6
   479 | D:1      | Learned a level 2 spell: Repel Missiles
   503 | D:1      | Reached XP level 3. HP: 19/19 MP: 3/7
  1652 | D:2      | Found a sparkling altar of Nemelex Xobeh.
  1677 | D:2      | Reached XP level 4. HP: 24/24 MP: 2/8
  1785 | D:2      | Found a burning altar of Makhleb.
  1785 | D:2      | Noticed a green death
  1788 | D:2      | Noticed a ynoxinul
  1788 | D:2      | Noticed a neqoxec
  1861 | D:2      | Reached skill level 5 in Air Magic
  2265 | D:2      | Learned a level 3 spell: Static Discharge
  2724 | D:3      | Found an oddly glowing altar of Pakellas.
  2735 | D:3      | Found a snail-covered altar of Cheibriados.
  2736 | D:3      | Found a basalt altar of Yredelemnul.
  2736 | D:3      | Found a bloodstained altar of Trog.
  2738 | D:3      | Found a deep blue altar of Sif Muna.
  2790 | D:3      | HP: 1/24 [orc priest/mace (7)]
  2793 | D:3      | Slain by an orc priest

Vault maps used:
D:1:      nicolae_arrival_kraken_aquarium_b
D:2:      makhleb_altar_promises_db, minmay_misc_feat_alley,
          nemelex_lonely_heart_becter
D:3:      minitemple, minmay_crystal_water, grunt_ministairs_11

Action                   |  1- 3 |  4- 6 || total
-------------------------+-------+-------++-------
Melee: Unarmed           |     6 |       ||     6
       Short sword       |    14 |    16 ||    30
 Cast: Shock             |    71 |    46 ||   117
       Repel Missiles    |     1 |       ||     1
  Use: Scroll            |     5 |       ||     5
       Potion            |       |     1 ||     1
 Stab: Sleeping          |     1 |     2 ||     3
  Eat: Chunk             |     3 |     4 ||     7
